PL
PANAMA CITY PIRANHAS @ BROOKLYN DODGERS
08/31/2031
 
TOP OF THE 1ST
Panama City Piranhas batting - Pitching for Brooklyn Dodgers : RHP Jesús Acosta
Pitching: RHP Jesús Acosta
Batting: RHB Juan Jose Ayala 0-0: Ball
1-0: DOUBLE (Flyball, 89D)
Batting: RHB Baldomero Avino 0-0: Called Strike
0-1: Ball
1-1: Ball
2-1: Ball
3-1: Swinging Strike
3-2: Fly out, F6 (Line Drive, 6)
Batting: RHB Micah Coffey 0-0: Ball
1-0: Swinging Strike
1-1: Ball
2-1: Ball
3-1: Base on Balls
Batting: RHB Tommy Jones 0-0: Swinging Strike
0-1: Called Strike
0-2: Fly out, F8 (Flyball, 8RS)
Batting: LHB Roberto Sánchez 0-0: Ball
1-0: Fly out, F9 (Line Drive, 9D)
Top of the 1st over - 0 runs, 1 hit, 0 errors, 2 left on base; Panama City 0 - Brooklyn 0
BOTTOM OF THE 1ST
Brooklyn Dodgers batting - Pitching for Panama City Piranhas : RHP Mimosa Joseph
Pitching: RHP Mimosa Joseph
Batting: LHB Manuel Carmona 0-0: Foul Ball, location: 2F
0-1: Ground out 6-3 (Groundball, 6S)
Batting: LHB Yannick Hendriksen 0-0: Ball
1-0: Ground out 4-3 (Groundball, 4)
Batting: LHB Mysterious Walker 0-0: Fly out, F8 (Flyball, 8LXD)
Bottom of the 1st over - 0 runs, 0 hits, 0 errors, 0 left on base; Panama City 0 - Brooklyn 0
TOP OF THE 2ND
Panama City Piranhas batting - Pitching for Brooklyn Dodgers : RHP Jesús Acosta
Batting: RHB Peter Heard 0-0: Ball
1-0: Foul Ball, location: 2F
1-1: Called Strike
1-2: Foul Ball, location: 2F
1-2: Fly out, F9 (Flyball, 9LS)
Batting: LHB António Ramos 0-0: Fly out, F7 (Flyball, 7LS)
Batting: RHB Fernando Silva 0-0: Called Strike
0-1: Called Strike
0-2: Foul Ball, location: 2F
0-2: Ball
1-2: Foul Ball, location: 2F
1-2: DOUBLE (Line Drive, 78D)
Batting: RHB Ted Cook 0-0: Called Strike
0-1: Ground out 5-3 (Groundball, 56)
Top of the 2nd over - 0 runs, 1 hit, 0 errors, 1 left on base; Panama City 0 - Brooklyn 0
BOTTOM OF THE 2ND
Brooklyn Dodgers batting - Pitching for Panama City Piranhas : RHP Mimosa Joseph
Batting: RHB Adrian Rodgers 0-0: Ball
1-0: Ball
2-0: Foul Ball, location: 2F
2-1: Foul Ball, location: 2F
2-2: Strikes out swinging
Batting: RHB Gerald Clark 0-0: Ball
1-0: Foul Ball, location: 2F
1-1: Foul Ball, location: 2F
1-2: Ball
2-2: Ball
3-2: Foul Ball, location: 2F
3-2: Foul Ball, location: 2F
3-2: Foul Ball, location: 2F
3-2: Base on Balls
Batting: LHB Ki-tak Im 0-0: Ball
1-0: Swinging Strike
1-1: Ball
2-1: Called Strike
2-2: Foul Ball, location: 2F
2-2: Foul Ball, location: 2F
2-2: Ball
3-2: Grounds into double play, 3-6-3 (Groundball, 34)
Bottom of the 2nd over - 0 runs, 0 hits, 0 errors, 0 left on base; Panama City 0 - Brooklyn 0
TOP OF THE 3RD
Panama City Piranhas batting - Pitching for Brooklyn Dodgers : RHP Jesús Acosta
Batting: RHB Juan Jose Ayala 0-0: Ball
1-0: Ball
2-0: Ground out 4-3 (Groundball, 34)
Batting: RHB Baldomero Avino 0-0: SINGLE (Flyball, 5D)
Batting: RHB Micah Coffey 0-0: Ball
1-0: Ball
2-0: Foul Ball, location: 2F
2-1: Foul Ball, location: 2F
2-2: DOUBLE (Groundball, 3L)
Baldomero Avino to third
Batting: RHB Tommy Jones 0-0: SINGLE (Line Drive, 6M)
Baldomero Avino scores
Micah Coffey to third
Batting: LHB Roberto Sánchez 0-0: Ball
1-0: Ball
2-0: Grounds into double play, 4-6-3 (Groundball, 4)
Top of the 3rd over - 1 run, 3 hits, 0 errors, 1 left on base; Panama City 1 - Brooklyn 0
BOTTOM OF THE 3RD
Brooklyn Dodgers batting - Pitching for Panama City Piranhas : RHP Mimosa Joseph
Batting: SHB Juan Rivas 0-0: Swinging Strike
0-1: Foul Ball, location: 2F
0-2: Strikes out swinging
Batting: LHB Munemori Ohara 0-0: Ball
1-0: Ball
2-0: Swinging Strike
2-1: Foul Ball, location: 2F
2-2: Ball
3-2: Ground out U3 (Groundball, 34S)
Batting: RHB Vincent Crane 0-0: Swinging Strike
0-1: Swinging Strike
0-2: Foul Ball, location: 2F
0-2: Strikes out looking
Bottom of the 3rd over - 0 runs, 0 hits, 0 errors, 0 left on base; Panama City 1 - Brooklyn 0
TOP OF THE 4TH
Panama City Piranhas batting - Pitching for Brooklyn Dodgers : RHP Jesús Acosta
Batting: RHB Peter Heard 0-0: Foul Ball, location: 2F
0-1: Ball
1-1: SINGLE (Flyball, 89S)
Batting: LHB António Ramos 0-0: Foul Ball, location: 2F
0-1: Ball
Peter Heard steals 2nd base
1-1: Called Strike
1-2: Ball
2-2: Ground out 4-3 (Groundball, 4)
Peter Heard to third
Batting: RHB Fernando Silva 0-0: Ball
1-0: SINGLE (Line Drive, 8LS)
Peter Heard scores
Batting: RHB Ted Cook 0-0: Called Strike
Fernando Silva steals 2nd base
0-1: Called Strike
0-2: Ground out 4-3 (Groundball, 34)
Fernando Silva to third
Batting: RHB Juan Jose Ayala 0-0: Called Strike
0-1: Ball
1-1: Called Strike
1-2: Ball
2-2: Foul Ball, location: 2F
2-2: Ground out 1-3 (Groundball, P)
Top of the 4th over - 1 run, 2 hits, 0 errors, 1 left on base; Panama City 2 - Brooklyn 0
BOTTOM OF THE 4TH
Brooklyn Dodgers batting - Pitching for Panama City Piranhas : RHP Mimosa Joseph
Batting: LHB Manuel Carmona 0-0: Ball
1-0: Ball
2-0: Called Strike
2-1: Foul Ball, location: 2F
2-2: SINGLE (Line Drive, 78S)
Batting: LHB Yannick Hendriksen 0-0: Foul Ball, location: 2F
0-1: Ball
1-1: Ball
2-1: Ball
3-1: Base on Balls
Manuel Carmona to second
Batting: LHB Mysterious Walker 0-0: Ball
1-0: Called Strike
1-1: Foul Ball, location: 2F
1-2: Foul Ball, location: 2F
1-2: SINGLE (Flyball, 9S)
Manuel Carmona to third
Yannick Hendriksen to second
Batting: RHB Adrian Rodgers 0-0: Ball
1-0: GRAND SLAM HOME RUN (Flyball, 7LD), Distance : 366 ft
Batting: RHB Gerald Clark 0-0: Ball
1-0: Ground out U3 (Groundball, 3)
Batting: LHB Ki-tak Im 0-0: Ball
1-0: Called Strike
1-1: Ball
2-1: Foul Ball, location: 2F
2-2: Foul Ball, location: 2F
2-2: Ball
3-2: Foul Ball, location: 2F
3-2: Foul Ball, location: 2F
3-2: Ground out 4-3 (Groundball, 4M)
Batting: SHB Juan Rivas 0-0: Foul Ball, location: 2F
0-1: Foul Ball, location: 2F
0-2: Ball
1-2: Fly out, F4 (Popup, 4M)
Bottom of the 4th over - 4 runs, 3 hits, 0 errors, 0 left on base; Panama City 2 - Brooklyn 4
TOP OF THE 5TH
Panama City Piranhas batting - Pitching for Brooklyn Dodgers : RHP Jesús Acosta
Batting: RHB Baldomero Avino 0-0: Ball
1-0: Ball
2-0: Ball
3-0: Base on Balls
Batting: RHB Micah Coffey 0-0: Swinging Strike
0-1: Called Strike
0-2: Strikes out looking
Batting: RHB Tommy Jones 0-0: Ball
1-0: Reached on error, E5 (Groundball, 5)
Baldomero Avino to second
Batting: LHB Roberto Sánchez 0-0: Ball
1-0: Called Strike
1-1: Foul Ball, location: 2F
1-2: Foul Ball, location: 2F
1-2: Fly out, F7 (Flyball, 78M)
Batting: RHB Peter Heard 0-0: Called Strike
0-1: Fielders Choice at 2nd, 6-4 (Groundball, 6)
Top of the 5th over - 0 runs, 0 hits, 1 error, 2 left on base; Panama City 2 - Brooklyn 4
BOTTOM OF THE 5TH
Brooklyn Dodgers batting - Pitching for Panama City Piranhas : RHP Mimosa Joseph
Batting: LHB Munemori Ohara 0-0: DOUBLE (Flyball, 8LXD)
Batting: RHB Vincent Crane 0-0: Swinging Strike
0-1: Ball
1-1: Swinging Strike
1-2: Strikes out swinging
Batting: LHB Manuel Carmona 0-0: Called Strike
0-1: Ball
1-1: Swinging Strike
1-2: Fly out, F7 (Flyball, 7S)
Pitching: LHP Alfonso Zapata
Batting: LHB Yannick Hendriksen 0-0: Called Strike
0-1: Foul Ball, location: 2F
0-2: Strikes out swinging
Bottom of the 5th over - 0 runs, 1 hit, 0 errors, 1 left on base; Panama City 2 - Brooklyn 4
TOP OF THE 6TH
Panama City Piranhas batting - Pitching for Brooklyn Dodgers : RHP Jesús Acosta
Batting: LHB António Ramos 0-0: Ball
1-0: Swinging Strike
1-1: Ball
2-1: Foul Ball, location: 2F
2-2: Strikes out swinging
Batting: RHB Fernando Silva 0-0: Ball
1-0: Called Strike
1-1: Foul Ball, location: 2F
1-2: Ground out 4-3 (Groundball, 4D)
Batting: RHB Ted Cook 0-0: Swinging Strike
0-1: Ball
1-1: Ball
2-1: Fly out, F7 (Flyball, 7LM)
Top of the 6th over - 0 runs, 0 hits, 0 errors, 0 left on base; Panama City 2 - Brooklyn 4
BOTTOM OF THE 6TH
Brooklyn Dodgers batting - Pitching for Panama City Piranhas : LHP Alfonso Zapata
Batting: LHB Mysterious Walker 0-0: Ball
1-0: Ground out U3 (Groundball, 3L)
Batting: RHB Adrian Rodgers 0-0: Ball
1-0: Called Strike
1-1: Ball
2-1: Fly out, F8 (Flyball, 8RXD)
Batting: RHB Gerald Clark 0-0: Ball
1-0: Ground out 6-3 (Groundball, 6)
Bottom of the 6th over - 0 runs, 0 hits, 0 errors, 0 left on base; Panama City 2 - Brooklyn 4
TOP OF THE 7TH
Panama City Piranhas batting - Pitching for Brooklyn Dodgers : RHP Jesús Acosta
Pitching: LHP Brandeis Vogt
Batting: RHB Juan Jose Ayala 0-0: Ball
1-0: Ground out 4-3 (Groundball, 4)
Batting: RHB Baldomero Avino 0-0: Called Strike
0-1: Swinging Strike
0-2: Strikes out swinging
Batting: RHB Micah Coffey 0-0: Called Strike
0-1: Ball
1-1: Ball
2-1: Fly out, F8 (Flyball, 8RM)
Top of the 7th over - 0 runs, 0 hits, 0 errors, 0 left on base; Panama City 2 - Brooklyn 4
BOTTOM OF THE 7TH
Brooklyn Dodgers batting - Pitching for Panama City Piranhas : LHP Alfonso Zapata
Pitching: RHP Mark Valle
Batting: LHB Ki-tak Im 0-0: Ball
1-0: Ball
2-0: Swinging Strike
2-1: Reached on error, E4 (Groundball, 4S)
Batting: SHB Juan Rivas 0-0: Ball
1-0: Ball
2-0: Ground out 4-3 (Groundball, 4)
Ki-tak Im to third
Batting: LHB Munemori Ohara 0-0: Foul Ball, location: 2F
0-1: Foul Ball, location: 2F
0-2: Ball
1-2: Strikes out swinging
Batting: RHB Vincent Crane 0-0: Foul Ball, location: 2F
0-1: Ball
1-1: Swinging Strike
1-2: Strikes out looking
Bottom of the 7th over - 0 runs, 0 hits, 1 error, 1 left on base; Panama City 2 - Brooklyn 4
TOP OF THE 8TH
Panama City Piranhas batting - Pitching for Brooklyn Dodgers : LHP Brandeis Vogt
Batting: RHB Tommy Jones 0-0: Ball
1-0: Ball
2-0: Called Strike
2-1: Foul Ball, location: 2F
2-2: Ball
3-2: Foul Ball, location: 2F
3-2: Foul Ball, location: 2F
3-2: Foul Ball, location: 2F
3-2: Ground out 6-3 (Groundball, 6)
Batting: LHB Roberto Sánchez 0-0: Foul Ball, location: 2F
0-1: Swinging Strike
0-2: Ball
1-2: Strikes out swinging
Batting: RHB Peter Heard 0-0: Fly out, F8 (Flyball, 8LD)
Top of the 8th over - 0 runs, 0 hits, 0 errors, 0 left on base; Panama City 2 - Brooklyn 4
BOTTOM OF THE 8TH
Brooklyn Dodgers batting - Pitching for Panama City Piranhas : RHP Mark Valle
Batting: LHB Manuel Carmona 0-0: Called Strike
0-1: Ball
1-1: Called Strike
1-2: Foul Ball, location: 2F
1-2: Ball
2-2: Ball
3-2: Strikes out swinging, 2-3 out at first.
Pitching: RHP Folkert van Huizen
Batting: LHB Yannick Hendriksen 0-0: Swinging Strike
0-1: Foul Ball, location: 2F
0-2: Ball
1-2: Ball
2-2: Ball
3-2: Foul Ball, location: 2F
3-2: Foul Ball, location: 2F
3-2: Ground out 4-3 (Groundball, 4)
Batting: LHB Mysterious Walker 0-0: Ball
1-0: Foul Ball, location: 2F
1-1: DOUBLE (Flyball, 89XD)
Batting: RHB Adrian Rodgers 0-0: Ball
1-0: Ball
2-0: Foul Ball, location: 2F
2-1: Called Strike
2-2: Strikes out looking
Bottom of the 8th over - 0 runs, 1 hit, 0 errors, 1 left on base; Panama City 2 - Brooklyn 4
TOP OF THE 9TH
Panama City Piranhas batting - Pitching for Brooklyn Dodgers : LHP Brandeis Vogt
Pitching: LHP Sjaak Bonne
Batting: LHB António Ramos 0-0: Ground out 4-3 (Groundball, 4)
Batting: RHB Fernando Silva 0-0: Foul Ball, location: 2F
0-1: Ground out 5-3 (Groundball, 56)
Batting: RHB Ted Cook 0-0: Ball
1-0: Called Strike
1-1: Foul Ball, location: 2F
1-2: Foul Ball, location: 2F
1-2: Ball
2-2: Ball
3-2: Base on Balls
Batting: RHB Juan Jose Ayala 0-0: Ball
1-0: Ball
2-0: Foul Ball, location: 2F
2-1: Ball
3-1: Base on Balls
Ted Cook to second
Batting: RHB Baldomero Avino 0-0: Called Strike
0-1: Ball
1-1: Called Strike
1-2: Strikes out swinging
Top of the 9th over - 0 runs, 0 hits, 0 errors, 2 left on base; Panama City 2 - Brooklyn 4
Tuesday, June 12th, 2018 - OOTP Baseball 18.8 Build 76